AoeStats
← PePaPi

Pilgrims

507620173Analyzed
3v3 RM · 14d ago on Sep 19, 2026· 23m 57s· 6 players
Game mode
Random Map
Map size
Normal (6 player)
Population
200
Speed
Normal
Resources
Standard
Victory
Conquest
Starting age
Dark Age
Ending age
Imperial Age
RankedLock teamsTeams togetherTeam positionsShared explorationLock speedFull tech treeHidden civsTurbo modeCheats
Victory
Defeat
🇺🇾 Huns · Uruguay
1094
+12
🇺🇾 Vietnamese · Uruguay
1092
+12
🇺🇾 Lithuanians · Uruguay
1090
+13
🇺🇸 Turks · United States
1041
-13
🇺🇸 Mongols · United States
1034
-13
🇺🇸 Saracens · United States
969
-11
5WhiskeyTango
4:01 Loom
14:47 Feudal Age
16:09 Double-Bit Axe
17:41 Fishing Lines
18:48 Horse Collar
19:48 Fletching
19:58 Padded Archer Armor
24:12 Castle Age
DreamMurders
7:39 Loom
15:17 Feudal Age
21:29 Fishing Lines
Age_noob
8:35 Loom
12:45 Feudal Age
13:29 Double-Bit Axe
14:41 Fishing Lines
19:05 Castle Age
18:46 Town Watch
20:29 Wheelbarrow
TalibAn Loco
8:21 Loom
15:20 Feudal Age
19:45 Castle Age
17:42 Fletching
21:12 Bodkin Arrow
23:23 Forging
23:19 Scale Barding Armor
Augustox
4:00 Loom
11:16 Feudal Age
15:34 Castle Age
15:12 Fletching
15:28 Scale Barding Armor
16:51 Town Watch
17:31 Forging
22:56 Horse Collar
PePaPi
9:26 Loom
9:32 Loom
14:06 Feudal Age
18:42 Castle Age
16:56 Fletching
18:06 Double-Bit Axe
19:35 Padded Archer Armor
19:39 Husbandry
20:38 Bodkin Arrow
21:46 Medium Warships
24:03 Ballistics
Connection lost

Rejoining the realm…

Still unreachable

The connection could not be restored.

Session expired

The server has moved on; the page needs a fresh start.